 Dungeon Crawl Stone Soup version 0.31-a0-162-gc4c5a43528 (webtiles) character file.

Game seed: 2324010957502071881

180 Ijustatesigmund the Stinger (level 5, -1/33 HPs)
             Began as an Octopode Venom Mage on June 13, 2023.
             Splashed by a jelly's acid (3 damage)
             ... on level 4 of the Dungeon.
             The game lasted 00:05:28 (3334 turns).

Ijustatesigmund the Stinger (Octopode Venom Mage)   Turns: 3334, Time: 00:05:29

Health: -1/33      AC: -7    Str:  7    XL:     5   Next: 60%
Magic:  9/9        EV: 13    Int: 19    God:
Gold:   142        SH:  0    Dex: 13    Spells: 4/10 levels left

rFire   . . .        g - +0 flail
rCold   . . .        (no shield)
rNeg    . . .        (helmet restricted)
rPois   .            (no amulet)
rElec   .            d - ring of wizardry
rCorr   .            (no ring)
SInv    .            (no ring)
Will    .....        (no ring)
Stlth   +++          (no ring)
HPRegen 0.25/turn    (no ring)
MPRegen 0.11/turn    (no ring)
                     (no ring)

%: wizardry (x1)
@: corroded
A: almost no armour, amphibious, 8 rings, camouflage 1, gelatinous body 1,
(nimble swimmer 1), tentacles
a: no special abilities


You were on level 4 of the Dungeon.
You visited 1 branch of the dungeon, and saw 4 of its levels.

You collected 142 gold pieces.

Inventory:

Hand Weapons
 g - a +0 flail (weapon)
Missiles
 b - an atropa-tipped dart (quivered)
Jewellery
 d - a ring of wizardry (left tentacle)
Scrolls
 j - 2 scrolls of amnesia
Potions
 a - a potion of magic
 c - a potion of lignification
 e - a potion of attraction {unknown}
 i - 2 potions of curing {unknown}
 l - a potion of degeneration {unknown}


   Skills:
 - Level 1.0 Fighting
 + Level 0.7 Maces & Flails
 - Level 2.0 Dodging
 - Level 2.6 Stealth
 - Level 3.1 Spellcasting
 - Level 1.7 Conjurations
 - Level 1.0 Transmutations
 - Level 2.1 Air Magic
 - Level 4.8 Poison Magic


You had 4 spell levels left.
You knew the following spells:

 Your Spells              Type           Power      Damage    Failure   Level
a - Sting                 Tmut/Pois      56%        1d5       1%          1
b - Poisonous Vapours     Pois/Air       32%        N/A       2%          2
c - Mephitic Cloud        Conj/Pois/Air  14%        N/A       6%          3

Your spell library contained the following spells:

 Spells                   Type           Power      Damage    Failure   Level
 Apportation              Tloc           6%         N/A       6%          1
 Necrotise                Necr           12%        1d4       6%          1
 Summon Small Mammal      Summ           12%        N/A       6%          1
 Olgreb's Toxic Radiance  Pois           21%        N/A       9%          4


Dungeon Overview and Level Annotations

Branches:
Dungeon (4/15)
 Temple: D:4-7

Altars:

Annotations:
D:3 3 runed translucent doors, FelidPro's ghost, amateur OpAE


Innate Abilities, Weirdness & Mutations

You cannot wear most types of armour.
You are amphibious.
You can wear up to eight rings at the same time.
Your skin changes colour to match your surroundings (Stealth+).
Your rubbery body absorbs attacks. (AC +1, EV +1)
((You are camouflaged when in or above water. (Stealth+)))
You have tentacles for arms and can constrict up to eight enemies at once.


Message History

Poisonous vapours surround the worm!
The worm looks even sicker.
You hit the worm. Your grab misses the worm.
The worm is heavily wounded.
The worm completely misses you.
You barely miss the worm. Your grab misses the worm.
The worm is heavily wounded.
The worm bites you.
You hit the worm but do no damage. You grab the worm. You squeeze the worm.
The worm is heavily wounded.
You constrict the worm. The worm closely misses you.
You hit the worm but do no damage.
The worm is heavily wounded.
You constrict the worm.
The worm looks more healthy.
You hit the worm but do no damage. You squeeze the worm.
You kill the worm!
No target in view!
Magic restored.
j - 2 scrolls of amnesia (gained 1)
Found 7 stones.
A jelly comes into view.
The helpless jelly fails to defend itself.
You hit the jelly. The acid corrodes you!
Your tentacles burn!
The jelly is moderately wounded.
The jelly hits you.
You are splashed with acid!
Throw: 2 darts (atropa)
Press: ? - help, Q - select action, (/) - cycle Shift-Dir - straight line, f - jelly
Aim: a jelly (moderately wounded, 89% to hit, chance to blind on hit: 83%)
You throw an atropa-tipped dart. The atropa-tipped dart hits the jelly.
The jelly appears confused.
The jelly is moderately wounded.
The jelly seems less confused.
The jelly barely misses you.
You hit the jelly. The acid corrodes you!
Your tentacles burn!
The jelly is moderately wounded.
The jelly closely misses you. x2
You hit the jelly.
Your tentacles burn!
You squeeze the jelly.
The jelly is almost dead.
The jelly hits you.
You are splashed with acid!
* * * LOW HITPOINT WARNING * * *
You hit the jelly but do no damage.
Your tentacles burn!
You die...

##. #... #...###
....... #####
....... .#..#
.#.....##....#
....##J.....## .
#..#.@.....#.##.
#..........#....
###..............
...............##.
......(...........
..####............
....##......###.#.
....(........#####..
...................#


You could see a jelly.

Vanquished Creatures
  A scorpion (D:4)
  6 adders
  4 worms
  3 orcs (D:4)
  5 ball pythons
  6 bats
  4 endoplasms
  4 goblins
  5 hobgoblins
  4 jackals (D:2)
  A kobold (D:1)
  2 quokkas
  2 frilled lizards (D:2)
  6 rats
53 creatures vanquished.

Notes
Turn   | Place    | Note
-------+----------+-------------------------------------------
     0 | D:1      | Ijustatesigmund the Octopode Venom Mage began the quest for
                  | the Orb.
     0 | D:1      | Reached XP level 1. HP: 11/11 MP: 3/3
   401 | D:1      | Reached XP level 2. HP: 15/18 MP: 3/5
   404 | D:1      | Learned a level 2 spell: Poisonous Vapours
   576 | D:1      | Found a faded altar of an unknown god.
  1191 | D:2      | Reached skill level 1 in Fighting
  1236 | D:2      | Reached skill level 4 in Poison Magic
  1236 | D:2      | Reached XP level 3. HP: 17/23 MP: 2/6
  1280 | D:2      | Learned a level 3 spell: Mephitic Cloud
  1288 | D:2      | Reached skill level 1 in Air Magic
  1604 | D:2      | Reached XP level 4. HP: 16/28 MP: 4/8
  1993 | D:2      | Reached skill level 1 in Conjurations
  2930 | D:3      | Found a runed translucent gate.
  2930 | D:3      | Found a runed translucent gate.
  2930 | D:3      | Found a runed translucent gate.
  2931 | D:3      | Noticed FelidPro's ghost (amateur OpAE)
  2933 | D:3      | Noticed a phantom
  2994 | D:4      | Noticed a scorpion
  3000 | D:4      | Killed a scorpion
  3001 | D:4      | Reached XP level 5. HP: 33/33 MP: 0/9
  3334 | D:4      | Splashed by a jelly's acid

Illustrated notes

Levels and vault maps discovered:
D:1:      amcnicky_arrival_wind_blow, layout_loops_ring,
          shapermc_ecumenical_altar_mp_urbaneastern
D:2:      layout_basic
D:3:      layout_basic, ebering_ghost_rock_garden
D:4:      layout_cave_pools, uniq_duvessa

Skill      XL: |  1  2  3  4 |
---------------+-------------+-----
Fighting       | 1 |  1.0
Poison Magic   | 4 |  4.8
Air Magic      | 1 2 |  2.1
Conjurations   | 1 |  1.7
Spellcasting   | 3 |  3.1
Maces & Flails | |  0.7
Dodging        | |  2.0
Stealth        | |  2.6
Transmutations | |  1.0

Action                     |  1- 3 |  4- 6 || total
---------------------------+-------+-------++-------
  Melee: Unarmed           |    12 |       ||    12
         Tentacles         |    12 |     7 ||    19
         Constrict         |    14 |    10 ||    24
         Flail             |    25 |    45 ||    70
  Throw: Dart              |     2 |     1 ||     3
   Cast: Sting             |    16 |    10 ||    26
         Poisonous Vapours |    13 |    30 ||    43
    Use: Scroll            |       |     5 ||     5
   Stab: Sleeping          |     2 |     2 ||     4
 Armour: Skin              |     3 |     2 ||     5
  Dodge: Dodged            |    24 |    32 ||    56

Table legend: (Time is in decaauts)
 A = Elapsed time spent in this place.
 B = Non-inter-level travel time spent in this place.
 C = Inter-level travel time spent in this place.
 D = Time resting spent in this place.
 E = Time spent auto-exploring this place.
 F = Levels seen in this place.
 G = Mean time per level.
                   A        B        C        D        E       F      G
               +--------+--------+--------+--------+--------+-----+--------+
         Total |   3359 |   3264 |     95 |    602 |   2257 |   4 |  839.8 |
       Dungeon |   3359 |   3264 |     95 |    602 |   2257 |   4 |  839.8 |
               +--------+--------+--------+--------+--------+-----+--------+

Top non-repeatable levels by time:
     D:2: 1275 daAuts
     D:1: 1122 daAuts
     D:3: 584 daAuts
     D:4: 377 daAuts
